AoeStats
← MerolX7

Black Forest

503912167Analyzed
2v2 RM · 2mo ago on Sep 3, 2026· 50m 2s· 4 players
Game mode
Random Map
Map size
Medium (4 player)
Population
200
Speed
Normal
Resources
Standard
Victory
Conquest
Starting age
Dark Age
Ending age
Imperial Age
RankedLock teamsTeams togetherTeam positionsShared explorationLock speedFull tech treeHidden civsTurbo modeCheats
Victory
Defeat
🇲🇽 Maya · Mexico
845
+11
🇨🇦 Vietnamese · Canada
784
+14
vs
🇺🇸 Slavs · United States
760
-13
🇦🇷 Mongols · Argentina
725
-22
Emperador1988
6:27 Loom
12:26 Feudal Age
12:50 Horse Collar
12:56 Double-Bit Axe
14:17 Wheelbarrow
18:03 Town Watch
21:22 Castle Age
19:16 Stone Mining
20:10 Fletching
20:20 Padded Archer Armor
21:02 Gold Mining
22:41 Hand Cart
22:27 Heavy Plow
22:38 Bow Saw
24:52 Bodkin Arrow
29:52 Caravan
30:20 Leather Archer Armor
30:16 Forging
34:18 Imperial Age
32:24 Scale Barding Armor
32:55 Iron Casting
32:39 Fortified Wall
33:45 Ballistics
35:25 Paper Money
36:09 Two-Man Saw
35:42 Crop Rotation
35:39 Treadmill Crane
37:00 Chemistry
36:19 Block Printing
36:33 Illumination
37:32 Ring Archer Armor
37:03 Bracer
37:24 Chain Barding Armor
36:34 Capped Ram
41:53 Thumb Ring
41:57 Murder Holes
42:07 Siege Engineers
44:00 Pikeman
44:41 Squires
44:43 Scale Mail Armor
45:18 Plate Barding Armor
45:28 Light Cavalry
46:19 Bloodlines
46:09 Husbandry
46:42 Crossbowman
48:41 Chain Mail Armor
MerolX7
11:51 Feudal Age
10:06 Loom
16:12 Castle Age
14:06 Horse Collar
14:23 Double-Bit Axe
26:50 Caravan
28:02 Bow Saw
28:01 Heavy Plow
29:48 Wheelbarrow
28:58 Town Watch
29:43 Town Patrol
29:56 Forging
29:46 Scale Mail Armor
29:46 Fletching
30:00 Padded Archer Armor
30:45 Hand Cart
31:33 Coinage
31:05 Stone Mining
31:10 Gold Mining
32:03 Masonry
31:49 Murder Holes
31:46 Treadmill Crane
32:18 Fortified Wall
32:29 Ballistics
32:20 Bodkin Arrow
33:01 Iron Casting
32:51 Leather Archer Armor
34:11 Stone Shaft Mining
34:48 Chain Mail Armor
38:14 Imperial Age
35:18 Man-at-Arms
35:18 Pikeman
35:58 Squires
35:47 Arson
37:44 Hul'che Javelineers
37:17 Long Swordsman
37:19 Eagle Warrior
38:21 Two-Handed Swordsman
38:21 Halberdier
38:26 Elite Plumed Archer
40:16 Holcans
40:35 Thumb Ring
39:56 Elite Skirmisher
41:11 Ring Archer Armor
40:43 Bracer
41:25 Plate Mail Armor
42:10 Blast Furnace
40:34 Elite Eagle Warrior
41:51 Conscription
43:25 Banking
43:06 Guilds
44:44 Imperial Skirmisher
46:02 Hoardings
48:51 Chemistry
48:21 Architecture
Wortortle
3:39 Loom
13:12 Feudal Age
19:17 Castle Age
17:15 Horse Collar
19:18 Double-Bit Axe
19:31 Stone Mining
19:40 Gold Mining
20:50 Wheelbarrow
20:08 Pikeman
25:18 Squires
25:51 Heavy Plow
27:38 Hand Cart
29:03 Bow Saw
29:11 Scale Mail Armor
30:28 Detinets
34:18 Imperial Age
32:59 Chain Mail Armor
34:02 Bloodlines
33:54 Husbandry
34:03 Scale Barding Armor
34:10 Forging
35:28 Conscription
34:40 Halberdier
36:37 Plate Mail Armor
36:55 Man-at-Arms
37:49 Caravan
39:11 Siege Engineers
39:17 Masonry
39:46 Iron Casting
41:24 Elite Boyar
43:08 Blast Furnace
43:53 Ballistics
43:56 Chain Barding Armor
46:47 Two-Man Saw
46:20 Crop Rotation
45:29 Onager
47:08 Plate Barding Armor
46:23 Fletching
46:48 Fortified Wall
49:51 Bodkin Arrow
Garza21212
10:12 Feudal Age
19:11 Castle Age
25:08 Double-Bit Axe
25:05 Horse Collar
27:48 Wheelbarrow
26:59 Town Watch
28:46 Heavy Plow
33:57 Gold Mining
33:59 Stone Mining
34:23 Bow Saw
34:29 Husbandry
35:38 Caravan
36:26 Hand Cart
36:12 Town Patrol
39:03 Imperial Age
38:03 Bloodlines
37:14 Light Cavalry
39:25 Hussar
41:10 Conscription
41:27 Forging
41:22 Scale Barding Armor
41:08 Fletching
41:18 Padded Archer Armor
45:08 Iron Casting
44:53 Chain Barding Armor
Connection lost

Rejoining the realm…

Still unreachable

The connection could not be restored.

Session expired

The server has moved on; the page needs a fresh start.